cohdb
Replays
Latest Replays
All Replays
Popular Replays
Top Player Replays
Match Explorer
How It Works
Community
CoH3 Stats
Reddit
Sign in to upload your games and track your stats! →
Sign in with Steam
Match 41577660
Unlisted
Match 41577660
Overview
Messages
Build Orders
End
Scout Squad
Selects Airborne Battlegroup
Selects Heavy Machine Gun Paradrop
Heavy Machine Gun Paradrop
Construct Barracks
Riflemen Squad
Riflemen Squad
Riflemen Squad
Selects Recon Loiter
Grenade Package
Recon Loiter
Mechanized Support Center
Construct Motor Pool
Recon Loiter
M24 Chaffee Light Tank
M24 Chaffee Light Tank
Selects Supply Drop
Recon Loiter
Engineer Squad
Supply Drop
Heavy Machine Gun Paradrop
Heavy Machine Gun Paradrop
Selects Carpet Bombing Run
Carpet Bombing Run
Construct Tank Depot
Designate Forward Repair Station
M18 Hellcat Tank Destroyer
Supply Drop
Carpet Bombing Run
M4A1 Sherman Medium Tank
Supply Drop
Recon Loiter
Improvised Armor
M4A1 76mm Conversion
Recon Loiter
Recon Loiter
M18 Hellcat Tank Destroyer
Esxile
苏ꦿ一ꦿ涵ꦿ⚘
MähnGiL
MIHua
0
0
Comments
sign in to comment!
No comments posted yet!